 Dungeon Crawl Stone Soup version 0.21-a0-286-g6fcecc0 (webtiles) character file.

46 MirrMurr the Slasher (level 3, 0/31 HPs)
             Began as a Gnoll Berserker on Sept 27, 2017.
             Was a Believer of Trog.
             Succumbed to an adder's poison
             ... on level 2 of the Dungeon.
             The game lasted 00:03:56 (1881 turns).

MirrMurr the Slasher (Gnoll Berserker)              Turns: 1881, Time: 00:03:56

Health: 0/31       AC:  5    Str:  7    XL:     3   Next: 68%
Magic:  3/3        EV: 10    Int:  7    God:    Trog [**....]
Gold:   65         SH:  0    Dex:  7    Spells: 2/2 levels left

rFire    . . .     SeeInvis .   a - +0 falchion
rCold    + . .     Gourm    .   (no shield)
rNeg     . . .     Faith    .   h - +0 ring mail
rPois    .         Spirit   .   (no helmet)
rElec    .         Reflect  .   (no cloak)
rCorr    .         Harm     .   (no gloves)
MR       .....                  (no boots)
Stlth    ..........             (no amulet)
HPRegen  0.10/turn              (no ring)
MPRegen  0.08/turn              (no ring)

@: lethally poisoned (0 -> -1)
A: unchanging attributes, claws 1, fangs 1, cold resistance 1, MP-powered wands,
strong nose
a: Berserk, Trog's Hand, Burn Spellbooks, Renounce Religion


You were on level 2 of the Dungeon.
You worshipped Trog.
Trog was pleased with you.
You were not hungry.

You visited 1 branch of the dungeon, and saw 2 of its levels.

You collected 65 gold pieces.

Inventory:

Hand Weapons
 a - a +0 falchion (weapon)
 b - a +0 hunting sling
Missiles
 f - 48 stones (quivered)
Armour
 h - a +0 ring mail (worn)
Scrolls
 e - 3 scrolls of identify {unknown}
 g - 3 scrolls of remove curse {unknown}
 i - a scroll of enchant armour {unknown}
 n - a scroll of recharging {unknown}
Potions
 j - a potion of mutation
 k - a potion of might {unknown}
 l - a potion of lignification {unknown}
 m - a potion of haste {unknown}
Comestibles
 c - a bread ration
 o - a meat ration


   Skills:
 + Level 4.5 Fighting
 * Level 5.1 Long Blades
 - Level 2.6 Armour
 + Level 3.5 Dodging


You had 2 spell levels left.
You didn't know any spells.

Dungeon Overview and Level Annotations

Branches:
Dungeon (2/15)

Altars:

Annotations:
D:2 Terence


Innate Abilities, Weirdness & Mutations

Your physical attributes are unchanging.
You have very sharp teeth.
Your uncanny sense of smell can sniff out nearby items.
You have sharp fingernails.
Your flesh is cold resistant. (rC+)
You expend magic power (3 MP) to strengthen your wands.


Message History

The goblin hits you.
* * * LOW HITPOINT WARNING * * *
Unknown command.
You closely miss the goblin.
The goblin is moderately wounded.
The goblin hits you but does no damage.
Unknown command.
Unknown command.
Unknown command.
Unknown command.
Unknown command.
Unknown command.
Unknown command.
You closely miss the goblin.
The goblin is moderately wounded.
The goblin hits you but does no damage.
It was a potion of mutation.
You feel extremely strange.
You feel your magical essence link to your wands.
Your fingernails lengthen.
You feel resistant to cold.
You die...

#........# #........#
#........# #....<...#
#........# #........#
#...)....##
#.........#### #
#..........@g## ## ...
#<.......###..##.##....
####.##### ##..%.......
#..# ####%....... ##.#
##........... .#
##..........## .#
#..!....)...#
#..<..........
#(..........##


You could see a goblin.

Vanquished Creatures
  An adder (D:2)
  An ooze (D:1)
  A dart slug (D:1)
  A leopard gecko (D:1)
  2 bats (D:1)
  10 goblins
  A hobgoblin (D:1)
  2 kobolds (D:1)
  A quokka (D:1)
  6 frilled lizards (D:1)
  5 rats
31 creatures vanquished.

Notes
Turn   | Place    | Note
-------+----------+-------------------------------------------
     0 | D:1      | MirrMurr the Gnoll Berserker began the quest for the Orb.
     0 | D:1      | Reached XP level 1. HP: 19/19 MP: 1/1
   300 | D:1      | Reached XP level 2. HP: 22/25 MP: 2/2
   990 | D:1      | Reached ** piety under Trog
  1080 | D:1      | Reached XP level 3. HP: 31/31 MP: 3/3
  1533 | D:2      | Noticed Terence
  1583 | D:2      | Reached skill level 5 in Long Blades
  1878 | D:2      | HP: 1/31 [goblin (4)]
  1881 | D:2      | Gained mutation: You expend magic power (3 MP) to strengthen your wands. [potion of mutation]
  1881 | D:2      | Gained mutation: You have sharp fingernails. [potion of mutation]
  1881 | D:2      | Gained mutation: Your flesh is cold resistant. (rC+) [potion of mutation]
  1881 | D:2      | Succumbed to an adder's poison

Vault maps used:
D:1:      mainiacjoe_arrival_reflecting_pool
D:2:      first_bread, led_sif_pool, uniq_terence

Skill      XL: |  1  2  3 |
---------------+----------+-----
Dodging        | 3 |  3.5
Long Blades    | 5 |  5.1
Fighting       | |  4.5
Armour         | |  2.6

Action                   || total
-------------------------++-------
Melee: Falchion          ||    86
 Fire: Hunting sling     ||    36
  Use: Potion            ||     1
  Eat: Chunk             ||     3
Armor: Animal skin       ||     6
       Ring mail         ||    14
Dodge: Dodged            ||    63
       Rpst.: Falchion   ||    22

Table legend:
 A = Spawn XP
 B = Non-spawn XP
 C = Spawn XP percentage of total XP
 D = Spawn monster count
 E = Non-spawn monster count
 F = Spawn count percentage of total count
 G = Total turns spent on level
                    A         B        C        D         E        F      G
               +---------+---------+-------+---------+---------+-------+---------
         Total |       0 |      67 |   0.0 |       0 |      31 |   0.0 |  1881
               +---------+---------+-------+---------+---------+-------+---------
           D:1 |       0 |      49 |   0.0 |       0 |      27 |   0.0 |  1696
           D:2 |       0 |      18 |   0.0 |       0 |       4 |   0.0 |   185
               +---------+---------+-------+---------+---------+-------+---------
